 Dungeon Crawl Stone Soup version 0.19-a0-1493-gd0fcaa6 (webtiles) character file.

1652 Amnesiac the Quickloader (level 9, -6/57 HPs)
             Began as a Kobold Hunter on Sept 9, 2016.
             Was a Believer of Okawaru.
             Killed by nerve-wracking pain
             ... invoked by an orc priest
              (14 damage)
             ... on level 6 of the Dungeon.
             The game lasted 00:08:21 (4659 turns).

Amnesiac the Quickloader (Kobold Hunter)            Turns: 4659, Time: 00:08:23

Health: -6/57      AC: 13    Str: 22    XL:     9   Next: 19%
Magic:  9/9        EV: 14    Int: 12    God:    Okawaru [**....]
Gold:   211        SH:  0    Dex: 18    Spells: 0 memorised, 8 levels left

rFire  . . .     SeeInvis .     K - +1 mace "Zachei" {freeze, Str+7} (curse)
rCold  . . .     Gourm    .     h - +0 ring mail
rNeg   . . .     Faith    .     (shield restricted)
rPois  .         Spirit   .     (no helmet)
rElec  .         Dismiss  .     E - +0 cloak
rCorr  .         Reflect  .     o - +0 pair of gloves
MR     .....     Harm     .     G - +0 pair of boots
Stlth  +.........               y - amulet of magic regeneration
                                (no ring)
                                v - +5 ring of protection

@: mighty
A: carnivore 3
a: Heroism, Renounce Religion


You were on level 6 of the Dungeon.
You worshipped Okawaru.
Okawaru was pleased with you.
You were very full.

You visited 2 branches of the dungeon, and saw 7 of its levels.

You collected 211 gold pieces.

Inventory:

Hand Weapons
 a - a +1 hand crossbow
 B - a +1 trident of flaming
 C - the +1 flail of Calculation {crush, rElec Int+6}
   (You found it on level 4 of the Dungeon)

   It inflicts extra damage upon your enemies.
   It affects your intelligence (+6).
   It insulates you from electricity.
 F - a -1 eveningstar
 K - the cursed +1 mace "Zachei" (weapon) {freeze, Str+7}
   (You found it on level 5 of the Dungeon)

   It has been specially enchanted to freeze those struck by it, causing extra
   injury to most foes and up to half again as much damage against particularly
   susceptible opponents.
   It can also slow down cold-blooded creatures.
   It affects your strength (+7).
   It has a curse placed upon it.
Missiles
 d - 19 bolts
Armour
 h - a +0 ring mail (worn)
 o - a +0 pair of gloves (worn)
 E - a +0 cloak (worn)
 G - a +0 pair of boots (worn)
Jewellery
 b - an uncursed ring of positive energy {unknown}
 v - a +5 ring of protection (left hand)
 w - an uncursed amulet of rage
 y - an amulet of magic regeneration (around neck)
Wands
 x - a wand of confusion (25/48)
 J - a wand of paralysis (24/24)
Scrolls
 c - a scroll of magic mapping
 g - a scroll of amnesia {unknown}
 i - 6 scrolls of identify {unknown}
 l - a scroll of fog {unknown}
 m - a scroll of recharging
 n - 2 scrolls of enchant armour {unknown}
 p - 2 scrolls of noise {unknown}
 q - 2 scrolls of remove curse {unknown}
 u - 2 scrolls of enchant weapon {unknown}
 D - 2 scrolls of blinking {unknown}
 I - a scroll of fear {unknown}
Potions
 j - a potion of flight
 r - a potion of ambrosia {unknown}
 t - a potion of lignification {unknown}
 z - a potion of invisibility {unknown}
 A - 2 potions of degeneration {unknown}
 H - a potion of brilliance {unknown}
Comestibles
 f - 4 meat rations
 s - a beef jerky
 L - 2 chunks of flesh


   Skills:
 + Level 7.4 Fighting
 * Level 11.5 Crossbows
 - Level 2.4 Dodging
 - Level 1.3 Stealth


You had 8 spell levels left.
You didn't know any spells.

Dungeon Overview and Level Annotations

Branches:
Dungeon (6/15)             Temple (1/1) D:4

Altars:
Ashenzari
Cheibriados
Dithmenos
Elyvilon
Fedhas
Gozag
Hepliaklqana
Kikubaaqudgha
Makhleb
Nemelex Xobeh
Okawaru
Qazlal
Ru
Sif Muna
Trog
Uskayaw
Vehumet
Xom
Yredelemnul
Zin
The Shining One

Annotations:
D:5 1 runed door


Innate Abilities, Weirdness & Mutations

You are small and have problems with some larger weapons.
You are carnivorous and can eat meat at any time.


Message History

The crimson imp hits you but does no damage.
The adder bites you but does no damage.
Wield which item (- for none, * to show all)? (? for menu, Esc to quit)
You feel stronger.
The cursed +1 mace "Zachei" {freeze, Str+7} glows with a cold blue light!
It sticks to your hand!
K - the cursed +1 mace "Zachei" (weapon)
{freeze, Str+7} The adder barely misses you.
The crimson imp hits you but does no damage.
You closely miss the adder.
The adder is moderately wounded.
The adder barely misses you.
The crimson imp blinks!
The adder bites you but does no damage.
You hit the adder.
The adder seems to slow down.
You freeze the adder.
You kill the adder!
Okawaru accepts your kill.
You float gracefully downwards.
The orc priest invokes the aid of Beogh against you.
Pain shoots through your body!
You die...

*** *,* *,*
#.#########################
**#(.(.(()o)@.5....(.........
****......(###################.#
*,,,...###.******* #.#
*,**.*>,,..,,,,,,* #.#
*,**,***...*****,* #.#
**+**,**#...,,,,*,** #.#
,,,,,,,,....,**,*,,* #########.#
,,,,,,,.(...,**,**,**
#.......#.#
,,,,,*,,,,,,,**,**,,*
#.....<.').


You could see an orc priest and a crimson imp.

Vanquished Creatures
  Menkaure (D:4)
  The ghost of CypherZel the Ducker, an amateur HuNe (D:4)
  An orc warrior (D:6)
  A sky beast (D:5)
  An ogre (D:5)
  A centaur (D:5)
  A giant frog (D:6)
  5 scorpions
  A howler monkey (D:5)
  A crimson imp (D:5)
  A hound (D:4)
  5 orc wizards
  2 orc priests (D:6)
  Crazy Yiuf (D:5)
  A giant frog skeleton (D:6)
  Ijyb (D:3)
  3 iguanas
  3 worker ants
  10 adders
  A shadow imp (D:6)
  2 adder skeletons
  3 worms
  3 dart slugs
  6 giant geckos
  17 orcs
  2 ball pythons
  5 giant cockroaches
  4 goblins
  7 hobgoblins
  3 jackals (D:5)
  3 quokkas
  12 bats
  5 giant newts
  A jackal zombie (D:6)
  6 kobolds
  24 rats
145 creatures vanquished.

Vanquished Creatures (others)
  A fungus (D:5)
1 creature vanquished.

Grand Total: 146 creatures vanquished

Notes
Turn   | Place    | Note
-------+----------+-------------------------------------------
     0 | D:1      | Amnesiac the Kobold Hunter began the quest for the Orb.
     0 | D:1      | Reached XP level 1. HP: 12/12 MP: 1/1
    93 | D:1      | Reached skill level 5 in Crossbows
   101 | D:1      | Reached XP level 2. HP: 18/18 MP: 2/2
   277 | D:3      | Reached XP level 3. HP: 22/22 MP: 3/3
   439 | D:4      | Reached XP level 4. HP: 21/28 MP: 4/4
   531 | D:4      | Found a staircase to the Ecumenical Temple.
   538 | D:4      | Noticed Menkaure
   562 | D:4      | Reached skill level 6 in Crossbows
   569 | D:4      | Killed Menkaure
   569 | D:4      | Reached skill level 7 in Crossbows
   569 | D:4      | Reached XP level 5. HP: 34/34 MP: 5/5
   569 | D:4      | Reached XP level 6. HP: 39/39 MP: 6/6
   635 | Temple   | Entered the Ecumenical Temple
   648 | Temple   | Became a worshipper of Warmaster Okawaru
  2085 | D:3      | Noticed Ijyb
  2094 | D:3      | Killed Ijyb
  2659 | D:4      | Reached skill level 5 in Fighting
  2659 | D:4      | Reached skill level 8 in Crossbows
  2659 | D:4      | Reached XP level 7. HP: 35/44 MP: 7/7
  3021 | D:4      | Noticed CypherZel's ghost (amateur HuNe)
  3030 | D:4      | Killed CypherZel's ghost
  3149 | D:4      | Got a steaming flail
  3159 | D:5      | Entered Level 5 of the Dungeon
  3162 | D:5      | Reached skill level 9 in Crossbows
  3174 | D:5      | Reached * piety under Okawaru
  3237 | D:5      | Reached XP level 8. HP: 43/51 MP: 8/8
  3476 | D:5      | Identified the +1 flail of Calculation {crush, rElec Int+6} (You found it on level 4 of the Dungeon)
  3496 | D:5      | Reached skill level 10 in Crossbows
  3676 | D:5      | Found a white marble altar of Elyvilon.
  3676 | D:5      | Noticed an angel
  3678 | D:5      | Found a runed door.
  4007 | D:5      | Found a runed door.
  4342 | D:5      | Noticed Crazy Yiuf
  4347 | D:5      | Killed Crazy Yiuf
  4364 | D:5      | Got a dazzling mace
  4528 | D:6      | Reached skill level 11 in Crossbows
  4529 | D:6      | Reached XP level 9. HP: 56/56 MP: 9/9
  4639 | D:6      | Reached ** piety under Okawaru
  4657 | D:6      | Identified the cursed +1 mace "Zachei" {freeze, Str+7} (You found it on level 5 of the Dungeon)
  4659 | D:6      | Killed from afar by an orc priest

Vault maps used:
D:1:      dpeg_arrival_tiny_d
D:2:      first_bread, minmay_rat_hole
D:3:      uniq_iyjb
D:4:      uniq_menkaure
D:5:      old_forge, lemuel_angel_altar, uniq_crazy_yiuf_cottage
Temple:   compressed_dpeg_circular_temple

Skill      XL: |  1  2  3  4  5  6  7  8  9 |
---------------+----------------------------+-----
Crossbows      | 5 7 8 9 11 | 11.5
Fighting       | 3 4 5 6 7 |  7.4
Dodging        | |  2.4
Stealth        | |  1.3

Action                   |  1- 3 |  4- 6 |  7- 9 || total
-------------------------+-------+-------+-------++-------
Melee: Trident           |       |       |     6 ||     6
       Mace              |       |       |     2 ||     2
 Fire: Hand crossbow     |    60 |   137 |   212 ||   409
Evoke: Wand              |       |       |     1 ||     1
  Use: Potion            |       |       |     5 ||     5
       Scroll            |       |       |     2 ||     2
  Eat: Chunk             |       |    12 |     7 ||    19
Armor: Leather armour    |     9 |       |       ||     9
       Ring mail         |     3 |    16 |    51 ||    70
Dodge: Dodged            |    24 |    26 |    61 ||   111
